Unix NetHack Version 5.0.0-0 post-release - last build Jul 14 2026 02:55:29 (1809b74e8187c3a3585e283601c3028b46cbbdcb,branch:main).

Game began 2026-07-15 22:48:00, ended 2026-07-15 22:52:48.

ExaDeuce, lawful male human Samurai

                 ------------                             --------------
                 |(..........#####                        |............|
                 |.{........|    #                        +.......@d...|
                 |..........-########                    #|............|
                 |..........|     ################`#######.............|
                 |..........|       #             #####   ---.-.--------
                 |[.........|       ##            #
                 ------------       #     --.--
                                    #     |....
                                    ##    |{..|
                                     #####|...|
                                         #|...|
                                         #....|
                                          |.<.|
                                          -----

ExaDeuce the Hatamoto  St:15 Dx:16 Co:18 In:10 Wi:8 Ch:8  Lawful
Dlvl:3  $:16 HP:12(18) Pw:2(2) AC:4  Xp:1 T:657 

Latest messages:
 You swap places with Hachi.
 The jackal bites!
 You miss the jackal.
 The jackal bites!
 You kill the jackal!
 You see here a chest.
 Hmmm, the chest turns out to be locked.
 b - a +0 wakizashi (weapon in right hand).
 a - a +0 katana (alternate weapon; not wielded).
 There is a locked chest here; force its lock? [ynq] (q) y
 You force your wakizashi into a crack and pry.
 You succeed in forcing the lock.
 l - a gunyoki (2 in total).
 h - 2 magenta potions (4 in total).
 a - a +0 katana (weapon in right hand).
 b - a +0 wakizashi (alternate weapon; not wielded).
 You see here a leather armor.
 You swap places with Hachi.
 You stop.  Hachi is in the way!
 The door resists!
 The door resists!
 The door opens.
 With great effort you move the boulder.
 You hear a gurgling noise.
 You kill the green mold!
 You are splashed by the green mold's acid!
 Your katana corrodes!
 You miss the newt.
 The newt misses!
 You miss the newt.
 You miss the newt.
 The newt bites!
 You miss the newt.
 The newt bites!
 You kill the newt!
 You see here a large box.
 $ - 3 gold pieces (16 in total).
 You see here a large box.
 Hmmm, the large box turns out to be locked.
 #fd: unknown extended command.
 There is a locked large box here; force its lock? [ynq] (q) y
 You force your katana into a crack and pry.
 Your katana broke!
 You give up your attempt to force the lock.
 Really quit without saving? [yes|no] yes
 Do you want your possessions identified? [ynq] (y) y
 Do you want to see your attributes? [ynq] (y) y
 Do you want an account of creatures vanquished? [ynaq] (y) y
 Do you want to see your conduct and achievements? [ynq] (y) y
 Do you want to see the dungeon overview? [ynq] (y) y

Inventory:
 Coins    ('$')
  $ - 16 gold pieces
 Weapons  (')')
  d - 39 +0 ya (in quiver)
  c - a +0 yumi
  b - a +0 wakizashi (alternate weapon; not wielded)
 Armor    ('[')
  e - an uncursed rustproof +0 splint mail (being worn)
 Comestibles  ('%')
  l - 2 uncursed gunyoki
  m - an uncursed lembas wafer
  j - an uncursed tripe ration
  p - an uncursed rotten tin of kobold meat
 Scrolls  ('?')
  k - an uncursed scroll of create monster
 Spellbooks  ('+')
  f - an uncursed spellbook of confuse monster
 Potions  ('!')
  i - an uncursed potion of extra healing
  n - an uncursed potion of gain energy
  h - 4 uncursed potions of healing
  g - 2 cursed potions of healing
 Rings    ('=')
  o - an uncursed ring of see invisible

ExaDeuce the Samurai's attributes:

Background:
 You were a Hatamoto, a level 1 male human Samurai.
 You were lawful, on a mission for Amaterasu Omikami
 who was opposed by Raijin (neutral) and Susanowo (chaotic).
 You were right-handed.
 You were in the Dungeons of Doom, on level 3.
 You entered the dungeon 657 turns ago.
 It was nighttime.
 There was a new moon in effect when your adventure ended.
 You had 19 experience points, 1 more was needed to attain level 2.

Basics:
 You had 12 out of 18 hit points.
 You had both energy points (spell power).
 Your armor class was 4.
 Your wallet contained 16 zorkmids.
 Autopickup was on for '$!/="?' plus thrown, with exceptions.

Final Characteristics:
 Your strength was 15 (limit:18/100).
 Your dexterity was 16 (limit:18).
 Your constitution was 18 (limit:18).
 Your intelligence was 10 (limit:18).
 Your wisdom was 8 (limit:18).
 Your charisma was 8 (limit:18).

Final Status:
 You weren't hungry.
 You were unencumbered.
 You were bare handed.
 You had basic skill with martial arts.

Final Attributes:
 You were fervently aligned.
 You were warded.
 You were fast.
 You survived.

Miscellaneous:
 You didn't encounter any bones levels.
 Total elapsed playing time was 4 minutes and 48 seconds.

Major events:
 Turn
    1: ExaDeuce the lawful male human Samurai entered the dungeon
  357: entered the Gnomish Mines
  657: quit

You didn't know any spells.

Skills:
 Fighting Skills
   martial arts      [Basic]
   two weapon combat [Unskilled]
   riding            [Unskilled]
 Weapon Skills
   dagger            [Unskilled]
   knife             [Unskilled]
   short sword       [Basic]
   broadsword        [Unskilled]
   long sword        [Basic]
   two-handed sword  [Unskilled]
   saber             [Unskilled]
   flail             [Unskilled]
   quarterstaff      [Unskilled]
   polearms          [Unskilled]
   spear             [Unskilled]
   lance             [Unskilled]
   bow               [Basic]
   shuriken          [Unskilled]
 Spellcasting Skills
   attack spells     [Unskilled]
   divination spells [Unskilled]
   clerical spells   [Unskilled]

Voluntary challenges:
 Character rerolling was not enabled.
 You went without food.
 You were illiterate.
 You never genocided any monsters.
 You never polymorphed an object.
 You never changed form.
 You used no wishes.
Achievement:
 You entered the Gnomish Mines.

 The Dungeons of Doom: levels 1 to 3
    Level 1:
       A fountain.
    Level 2:
       A fountain.
       Stairs down to The Gnomish Mines.
    Level 3: <- You were here.
       A fountain, a sink.
 The Gnomish Mines:
    Level 3:


Vanquished creatures:
  3 orc zombies
  a dwarf zombie
  a green mold
  2 jackals
  a bat
  a lichen
  3 newts
12 creatures vanquished.

No species were genocided or became extinct.

Sayonara ExaDeuce the Samurai...

You quit in The Dungeons of Doom on dungeon level 3 with 192 points,
and 16 pieces of gold, after 657 moves.
You were level 1 with a maximum of 18 hit points when you quit.

